Map: 큐리어스 마인즈 - 래더

Players

DPGherO (herO)

  • Race: Protoss Protoss
  • League: Master

DRG - Winner!

  • Race: Zerg Zerg

Event: DreamHack SC2 Masters Last Chance 2022

VOD

Have the link to the VOD?

Description

Time

  • Played on: Dec. 15, 2021, 6:31 a.m.
  • Length: 11:21

All games in this series

Show
View Real Time Build Order
Export as new Build Order

DPGherO Protoss 

Build Orders: 1 Gate Expand, Oracle Opening 

Get SALT Encoding   

  12  0:00  Probe  
  13  0:12  Probe  
  14  0:17  Pylon  
  14  0:24  Probe (Chrono Boost)  
  16  0:37  Probe (Chrono Boost)  
  16  0:39  Gateway  
  16  0:43  Probe (Chrono Boost)  
  16  0:47  Assimilator  
  17  0:51  Probe  
  18  1:03  Probe  
  19  1:15  Probe  
  20  1:24  Nexus  
  20  1:37  Cybernetics Core  
  20  1:38  Probe  
  21  1:43  Assimilator  
  21  1:50  Probe  
  22  1:56  Pylon  
  22  2:02  Probe  
  23  2:14  Adept  
  23  2:15  Probe (Chrono Boost), Stargate  
  26  2:25  Warp Gate  
  26  2:26  Probe (Chrono Boost)  
  27  2:32  Probe (Chrono Boost)  
  27  2:36  Probe (Chrono Boost)  
  30  2:44  Adept  
  30  2:45  Probe x2 (Chrono Boost)  
  30  2:49  Void Ray (Chrono Boost)  
  30  2:50  Probe (Chrono Boost)  
  33  2:53  Probe  
  39  3:02  Probe  
  39  3:05  Probe  
  41  3:08  Gateway  
  41  3:13  Pylon  
  41  3:16  Probe  
  41  3:17  Probe  
  43  3:22  Oracle (Chrono Boost)  
  46  3:31  Probe x2  
  48  3:43  Nexus  
  48  3:46  Pylon  
  48  3:48  Probe  
  48  3:49  Probe  
  48  3:54  Assimilator  
  48  3:55  Assimilator  
  50  4:02  Probe, Stargate  
  51  4:04  Probe  
  52  4:15  Probe  
  52  4:16  Probe  
  54  4:23  Void Ray (Chrono Boost)  
  54  4:25  Protoss Air Weapons Level 1  
  54  4:27  Probe (Chrono Boost)  
  54  4:28  Probe (Chrono Boost)  
  54  4:29  Pylon  
  60  4:33  Forge  
  62  4:39  Probe (Chrono Boost)  
  62  4:40  Probe (Chrono Boost)  
  62  4:43  Void Ray (Chrono Boost)  
  62  4:46  Probe x2 (Chrono Boost)  
  68  4:53  Pylon  
  68  4:56  Probe x2  
  68  4:58  Void Ray (Chrono Boost)  
  68  4:59  Probe  
  71  5:05  Shield Battery  
  75  5:08  Probe x2  
  75  5:11  Probe  
  75  5:13  Void Ray (Chrono Boost)  
  82  5:22  Photon Cannon, Probe x2  
  82  5:24  Probe, Pylon  
  85  5:31  Fleet Beacon  
  86  5:35  Probe x2  
  86  5:36  Probe  
  86  5:37  Void Ray  
  86  5:40  Pylon  
  92  5:50  Assimilator, Probe x3  
  92  5:51  Void Ray  
  92  5:56  Assimilator  
  99  6:01  Shield Battery  
  99  6:02  Probe x2, Pylon  
  99  6:03  Probe  
  102  6:14  Probe x2  
  102  6:15  Probe  
  102  6:16  Void Ray  
  109  6:28  Void Ray  
  109  6:32  Pylon  
  109  6:34  Nexus  
  113  6:43  Protoss Ground Weapons Level 1  
  113  6:45  Flux Vanes  
  113  6:53  Void Ray  
  113  6:54  Twilight Council  
  113  6:59  Pylon  
  117  7:01  Photon Cannon  
  117  7:03  Photon Cannon  
  117  7:05  Shield Battery  
  117  7:06  Zealot x2  
  121  7:09  Protoss Air Weapons Level 2 (Chrono Boost)  
  121  7:11  Void Ray (Chrono Boost), Probe x2  
  121  7:12  Probe  
  124  7:16  Pylon  
  124  7:17  Gateway  
  124  7:19  Gateway  
  128  7:25  Gateway  
  128  7:26  Gateway  
  128  7:27  Robotics Facility  
  128  7:30  Gateway, Probe x3  
  128  7:33  Photon Cannon  
  131  7:38  Zealot x2  
  131  7:42  Photon Cannon, Charge (Chrono Boost)  
  131  7:44  Void Ray (Chrono Boost)  
  135  7:45  Gateway  
  135  7:47  Photon Cannon  
  135  7:49  Shield Battery  
  135  7:50  Void Ray (Chrono Boost)  
  141  8:01  Adept x2  
  145  8:09  Void Ray  
  145  8:14  Void Ray  
  145  8:16  Adept x2  
  149  8:22  Zealot  
  149  8:23  Zealot  
  149  8:25  Probe x3  
  137  8:38  Photon Cannon  
  137  8:39  Photon Cannon  
  134  8:48  Observer  
  132  8:51  Shield Battery  
  132  8:52  Zealot x5  
  132  8:55  Pylon  
  139  8:56  Pylon x3  
  138  9:08  Void Ray x2  
  130  9:10  Warp Prism (Chrono Boost)  
  130  9:13  Templar Archives  
  140  9:21  Pylon  
  140  9:34  Zealot  
  140  9:35  Zealot x3  
  148  9:39  Immortal  
  148  9:41  Pylon  
  148  9:42  Psionic Storm  
  152  9:47  Nexus  
  152  9:49  Robotics Facility  
  152  9:50  Robotics Bay  
  152  9:51  High Templar x2  
  156  9:56  Pylon  
  156  9:57  Pylon  
  156  10:04  High Templar x2  
  160  10:19  Zealot x4  
  167  10:45  Zealot x2  
  167  10:46  Zealot x4  
  140  11:02  Archon  
  140  11:04  Zealot x2  
  120  11:09  Zealot x4  
Show
View Real Time Build Order
Export as new Build Order

DRG Zerg - Winner!

Build Orders: Hatch First 

Get SALT Encoding   

  12  0:00  Drone  
  13  0:12  Overlord  
  13  0:16  Drone  
  14  0:30  Drone x2  
  14  0:34  Drone  
  17  0:51  Hatchery  
  17  0:54  Drone  
  18  0:57  Drone  
  18  1:08  Extractor  
  17  1:12  Spawning Pool  
  17  1:15  Drone  
  17  1:22  Drone  
  18  1:28  Drone  
  19  1:38  Drone  
  20  1:48  Overlord  
  20  1:59  Queen  
  22  2:03  Queen  
  22  2:04  Zergling x4  
  26  2:11  Drone  
  27  2:17  Drone  
  27  2:18  Metabolic Boost  
  27  2:22  Drone  
  29  2:27  Drone  
  30  2:31  Drone  
  31  2:41  Hatchery  
  30  2:44  Queen  
  30  2:49  Overlord  
  33  2:51  Drone  
  33  2:53  Drone  
  33  2:58  Overlord  
  34  3:00  Drone  
  35  3:06  Queen  
  35  3:09  Drone  
  39  3:12  Drone  
  39  3:14  Drone  
  39  3:15  Drone  
  39  3:18  Drone  
  42  3:21  Overlord  
  42  3:24  Drone  
  42  3:26  Drone  
  44  3:27  Drone  
  44  3:32  Queen  
  47  3:37  Overlord  
  47  3:42  Drone x2  
  47  3:43  Drone  
  47  3:44  Drone  
  47  3:47  Drone  
  52  3:50  Spore Crawler  
  52  3:53  Queen  
  53  3:56  Zergling x2  
  53  3:58  Zergling x4  
  53  4:01  Drone x2  
  58  4:04  Spore Crawler  
  58  4:05  Drone  
  58  4:06  Drone  
  58  4:08  Drone  
  60  4:10  Drone  
  60  4:15  Drone  
  62  4:18  Overlord  
  62  4:21  Overlord  
  62  4:22  Drone  
  62  4:23  Drone  
  62  4:24  Drone  
  62  4:26  Drone  
  62  4:29  Overlord  
  64  4:34  Spore Crawler  
  64  4:38  Drone x2  
  65  4:40  Drone, Roach Warren  
  65  4:41  Drone  
  65  4:42  Drone  
  65  4:45  Drone x2  
  68  4:46  Drone  
  68  4:49  Drone x2  
  71  4:53  Lair  
  71  4:56  Zergling x4  
  71  4:57  Drone  
  71  4:59  Drone x2  
  76  5:01  Extractor  
  76  5:02  Drone, Extractor  
  76  5:04  Drone  
  76  5:07  Drone x2  
  76  5:09  Drone  
  76  5:11  Overlord  
  76  5:13  Drone x2  
  81  5:15  Drone  
  81  5:16  Drone  
  81  5:18  Drone  
  81  5:19  Drone  
  85  5:21  Queen x2  
  85  5:24  Extractor  
  85  5:25  Drone  
  85  5:27  Extractor x2  
  87  5:29  Overlord  
  87  5:31  Drone x5  
  92  5:36  Overlord  
  92  5:37  Drone  
  92  5:41  Overlord  
  93  5:50  Hatchery  
  93  5:54  Hydralisk Den, Evolution Chamber, Overlord  
  93  5:56  Queen  
  90  5:57  Queen  
  90  6:01  Queen  
  96  6:16  Overlord  
  95  6:24  Drone x3  
  95  6:25  Drone x3  
  100  6:26  Zerg Missile Weapons Level 1, Grooved Spines  
  100  6:28  Hydralisk x5  
  109  6:33  Queen  
  109  6:34  Hydralisk x2  
  109  6:35  Hydralisk  
  113  6:41  Hydralisk x3  
  113  6:44  Hydralisk  
  121  6:51  Hydralisk x3  
  127  6:54  Overlord  
  127  6:55  Baneling Nest  
  127  6:57  Overlord  
  127  7:01  Hydralisk  
  126  7:04  Overlord x2  
  126  7:07  Hydralisk x2  
  132  7:12  Overlord x2  
  132  7:15  Hydralisk  
  132  7:18  Overlord x2  
  134  7:23  Hydralisk x2  
  134  7:28  Hydralisk  
  134  7:29  Hydralisk x2  
  144  7:33  Hydralisk x2  
  148  7:38  Muscular Augments  
  148  7:39  Hydralisk x3  
  154  7:44  Hydralisk x2  
  154  7:48  Hydralisk x2  
  162  7:51  Centrifugal Hooks  
  160  7:58  Hydralisk  
  160  7:59  Hydralisk x2  
  160  8:03  Hydralisk  
  162  8:09  Hydralisk  
  162  8:10  Hydralisk  
  160  8:13  Hydralisk x2  
  160  8:17  Hydralisk  
  160  8:18  Zergling x16  
  160  8:19  Zergling x2  
  165  8:26  Hydralisk x3  
  155  8:28  Hydralisk  
  155  8:30  Queen  
  149  8:36  Hydralisk x2  
  149  8:39  Queen  
  149  8:41  Hydralisk  
  149  8:42  Hydralisk  
  149  8:45  Zergling x8  
  157  8:51  Hydralisk x3  
  157  8:52  Extractor  
  162  8:59  Hydralisk x3  
  160  9:08  Hydralisk x2  
  152  9:10  Queen x2  
  155  9:19  Hydralisk x4  
  163  9:25  Hydralisk x3  
  167  9:33  Hydralisk x2  
  167  9:38  Hydralisk  
  169  9:46  Hydralisk x3  
  169  9:49  Zergling x2  
  169  9:50  Zergling x16  
  184  9:54  Queen  
  186  10:04  Hydralisk x3  
  192  10:07  Baneling x9  
  192  10:09  Overlord  
  192  10:18  Overlord  
  186  10:24  Baneling x11  
  186  10:26  Extractor  
  186  10:27  Zergling x12  
  186  10:28  Zergling x12, Extractor  
  196  10:33  Hydralisk  
  191  10:44  Hydralisk  
  191  10:45  Hydralisk x4  
  185  10:50  Hydralisk x2  
  185  10:53  Zergling x10  

Tags
 
Add a new tag
Caveats
  • Supply blocks, unpowered buildings, or Contaminate may cause inaccurate times.
  • Supply counts are checked every 10 seconds.